 Seeded DCSS version 0.30-a0-177-g1cb5dbfd7a (webtiles) character file.

Game seed: 20221001 (custom seed)

494 a11behringer the Cudgeller (level 6, 0/47 HPs)
             Began as a Demonspawn Gladiator on Oct 3, 2022.
             Slain by a gnoll
             ... wielding a +5 vorpal halberd
              (11 damage)
             ... on level 5 of the Dungeon.
             The game lasted 00:09:19 (3221 turns).

a11behringer the Cudgeller (Demonspawn Gladiator)   Turns: 3221, Time: 00:09:20

Health: 0/47       AC: 12    Str: 17    XL:     6   Next: 92%
Magic:  6/6        EV:  5    Int:  9    God:
Gold:   393        SH:  8    Dex: 14    Spells: 5/5 levels left

rFire   . . .      SeeInvis .    A - +0 morningstar
rCold   . . .      Faith    .    v - +0 buckler
rNeg    . . .      Spirit   .    n - +0 plate armour {Will+}
rPois   .          Reflect  .    c - +0 helmet
rElec   .          Harm     .    (no cloak)
rCorr   .          Rampage  .    (no gloves)
Will    +....                    (no boots)
Stlth   ..........               f - amulet of regeneration
HPRegen 1.07/turn                (no ring)
MPRegen 0.10/turn                (no ring)

@: no status effects
A: condensation shield, demonic touch 1
a: no special abilities


You were on level 5 of the Dungeon.
You visited 1 branch of the dungeon, and saw 5 of its levels.

You collected 393 gold pieces.

Inventory:

Hand Weapons
 a - a +0 flail
 A - a +0 morningstar (weapon)
 C - a +0 vorpal flail
Missiles
 d - 3 throwing nets (quivered)
 e - 5 javelins
 j - 4 atropa-tipped darts
Armour
 b - a +0 leather armour
 c - a +0 helmet (worn)
 k - a +0 plate armour
 n - a +0 plate armour of willpower (worn)
 v - a +0 buckler (worn)
Jewellery
 f - an amulet of regeneration (around neck)
 p - an amulet of reflection
Wands
 r - a wand of light (12)
 w - a wand of charming (13)
Scrolls
 g - 4 scrolls of identify {unknown}
 h - 5 scrolls of teleportation {unknown}
 l - 5 scrolls of magic mapping {unknown}
 q - a scroll of fog {unknown}
 s - a scroll of enchant armour {unknown}
 y - a scroll of blinking {unknown}
 D - a scroll of fear {unknown}
Potions
 i - a potion of lignification {unknown}
 m - 3 potions of degeneration {unknown}
 o - 5 potions of curing {unknown}
 t - a potion of berserk rage {unknown}
 u - a potion of resistance {unknown}
 x - a potion of mutation {unknown}
 z - a potion of might {unknown}
 B - 3 potions of haste {unknown}
 E - a potion of flight {unknown}


   Skills:
 + Level 3.1 Fighting
 * Level 4.3 Maces & Flails
 + Level 2.9 Throwing
 * Level 2.9 Armour
 + Level 3.6 Dodging
 + Level 1.8 Shields


You had 5 spell levels left.
You didn't know any spells.
Your spell library contained the following spells:

 Spells                   Type           Power      Damage    Failure   Level
 Freeze                   Ice            0%         1d3       100%        1
 Sandblast                Erth           0%         2d4       100%        1
 Slow                     Hex            0%         N/A       100%        1
 Passwall                 Tmut/Erth      0%         N/A       100%        2
 Confusing Touch          Hex            0%         N/A       100%        3
 Frozen Ramparts          Ice            0%         1d1       100%        3
 Hailstorm                Conj/Ice       0%         3d3       100%        3
 Ignite Poison            Fire/Tmut/Pois 0%         N/A       100%        3
 Kindle Blastsparks       Fire/Tloc/Air  0%         2d10      100%        3
 Mephitic Cloud           Conj/Pois/Air  0%         N/A       100%        3
 Stone Arrow              Conj/Erth      0%         3d7       100%        3
 Vampiric Draining        Necr           0%         2d6       100%        3
 Freezing Cloud           Conj/Ice/Air   0%         6-21      100%        5


Dungeon Overview and Level Annotations

Branches:
Dungeon (5/15)
 Temple: D:4-7

Altars:
Cheibriados
Nemelex Xobeh
Qazlal
Vehumet

Shops:
D:2 :=


Innate Abilities, Weirdness & Mutations

A meltable shield of frost defends you. (SH +4)
Your touch may inflict minor irresistible damage on your foes.


Message History

The gnoll hits you with a +0 club. The gnoll barely misses you.
The gnoll hits you from afar with a +5 vorpal halberd.
You thump the gnoll!
You kill the gnoll!
The gnoll barely misses you. You block the gnoll's attack.
You block the gnoll's attack.
The gnoll hits you with a +5 vorpal halberd.
Things that are here:
a +0 club; a +1 flail of protection; a gnoll corpse You hit the gnoll.
The gnoll is lightly wounded.
The gnoll barely misses you.
The gnoll hits you with a +5 vorpal halberd!
The gnoll hits you but does no damage.
The gnoll hits you with a +5 vorpal halberd!
You barely miss the gnoll. The gnoll hits you with a +0 whip.
You block the gnoll's attack.
You hit the gnoll.
The gnoll is moderately wounded.
The gnoll hits you but does no damage. You block the gnoll's attack. x2
The gnoll hits you but does no damage.
You barely miss the gnoll.
The gnoll is moderately wounded.
The gnoll hits you but does no damage. You block the gnoll's attack.
You hit the gnoll.
The gnoll is moderately wounded.
The gnoll hits you with a +0 whip. You block the gnoll's attack.
You barely miss the gnoll.
The gnoll is moderately wounded.
You block the gnoll's attack.
The gnoll hits you with a +5 vorpal halberd!
* * * LOW HITPOINT WARNING * * *
The gnoll hits you with a +5 vorpal halberd.
* * * LOW HITPOINT WARNING * * *
x2 You block the gnoll's attack.
You puncture the gnoll!
The gnoll is severely wounded.
The gnoll hits you but does no damage.
The gnoll hits you with a +5 vorpal halberd!
You die...

..# #..# #...## ##
#....## #..#
####.....### #....
.........$.##.....
..................
......g@..........
###....g.........$
#######(.......#
##<...### ###..#
># #


You could see 2 gnolls.

Vanquished Creatures
  A necrophage (D:4)
  An orc priest (D:4)
  2 hounds (D:4)
  2 iguanas
  3 orc wizards (D:4)
  6 gnolls
  7 adders
  A worm (D:3)
  A dart slug (D:1)
  14 orcs
  4 ball pythons
  5 bats
  7 endoplasms
  13 giant cockroaches (D:2)
  4 goblins
  5 hobgoblins
  4 kobolds
  3 quokkas
  2 frilled lizards (D:3)
  7 rats
92 creatures vanquished.

Notes
Turn   | Place    | Note
-------+----------+-------------------------------------------
     0 | D:1      | a11behringer the Demonspawn Gladiator began the quest for
                  | the Orb.
     0 | D:1      | Reached XP level 1. HP: 16/16 MP: 1/1
    84 | D:1      | Found a faded altar of an unknown god.
   139 | D:1      | Gained mutation: A meltable shield of frost defends you.
                  | (SH +4) [demonic ancestry]
   139 | D:1      | Reached XP level 2. HP: 22/22 MP: 2/2
   266 | D:1      | Reached skill level 3 in Maces & Flails
   539 | D:1      | Reached XP level 3. HP: 24/27 MP: 3/3
   881 | D:2      | Found Sooxtonn's Book Shop.
   954 | D:2      | Found Muxteh's Jewellery Shoppe.
  1027 | D:2      | Reached skill level 1 in Armour
  1665 | D:3      | Reached XP level 4. HP: 34/34 MP: 4/4
  1912 | D:3      | Found a stormy altar of Qazlal.
  2459 | D:4      | Reached skill level 1 in Shields
  2459 | D:4      | Gained mutation: Your touch may inflict minor irresistible
                  | damage on your foes. [demonic ancestry]
  2459 | D:4      | Reached XP level 5. HP: 37/39 MP: 5/5
  2588 | D:4      | Reached skill level 4 in Maces & Flails
  2588 | D:4      | Reached XP level 6. HP: 46/46 MP: 6/6
  2719 | D:4      | Found a sparkling altar of Nemelex Xobeh.
  2833 | D:4      | Found a radiant altar of Vehumet.
  3152 | D:4      | Found a snail-covered altar of Cheibriados.
  3198 | D:5      | Entered Level 5 of the Dungeon
  3221 | D:5      | Slain by a gnoll

Illustrated notes

Levels and vault maps discovered:
D:1:      scummos_arrival_checkerplants, layout_basic,
          chequers_ecumenical_altar_simple_redux, minmay_rat_gold_closets
D:2:      minmay_roachtagon, layout_loops_ring, serial_shops,
          nicolae_square_shop, shop
D:3:      layout_loops_ring, amcnicky_altar_gilded
D:4:      layout_basic, mainiacjoe_overflow_concentric_impassable,
          cheibriados_altar_1, nicolae_overflow_squiral
D:5:      layout_cave_pods, mainiacjoe_overflow_tiny_flanked,
          kennysheep_generic_room_3, uniq_duvessa, uniq_menkaure, uniq_sigmund

Skill      XL: |  1  2  3  4  5  6 |
---------------+-------------------+-----
Throwing       | 2 |  2.9
Maces & Flails | 3 4 |  4.3
Armour         | 1 2 |  2.9
Dodging        | 3 |  3.6
Shields        | 1 |  1.8
Fighting       | 3 |  3.1

Action                   |  1- 3 |  4- 6 || total
-------------------------+-------+-------++-------
Melee: Flail             |   125 |    64 ||   189
       Punch             |     1 |       ||     1
       Morningstar       |       |   164 ||   164
 Stab: Sleeping          |     1 |       ||     1
Armor: Leather armour    |    23 |       ||    23
       Plate armour      |    40 |   140 ||   180
Dodge: Dodged            |    40 |    45 ||    85
Block: Other             |    19 |       ||    19
       Buckler           |    11 |    99 ||   110

Table legend: (Time is in decaauts)
 A = Elapsed time spent in this place.
 B = Non-inter-level travel time spent in this place.
 C = Inter-level travel time spent in this place.
 D = Time resting spent in this place.
 E = Time spent auto-exploring this place.
 F = Levels seen in this place.
 G = Mean time per level.
                   A        B        C        D        E       F      G
               +--------+--------+--------+--------+--------+-----+--------+
         Total |   3326 |   3183 |    143 |      0 |   2436 |   5 |  665.2 |
       Dungeon |   3326 |   3183 |    143 |      0 |   2436 |   5 |  665.2 |
               +--------+--------+--------+--------+--------+-----+--------+

Top non-repeatable levels by time:
     D:4: 883 daAuts
     D:2: 827 daAuts
     D:1: 826 daAuts
     D:3: 761 daAuts
     D:5: 27 daAuts
